AoeStats
← Soldier

Arena

510125451Analyzed
1v1 RM · 3d ago on Sep 29, 2026· 53m 9s· 2 players
Game mode
Random Map
Map size
Tiny (2 player)
Population
200
Speed
Normal
Resources
Standard
Victory
Conquest
Starting age
Dark Age
Ending age
Imperial Age
RankedLock teamsTeams togetherTeam positionsShared explorationLock speedFull tech treeHidden civsTurbo modeCheats
Victory
Defeat
🇮🇳 Portuguese · India
777
+15
🇳🇱 Saxons · Netherlands
755
-15
Derk
12:03 Feudal Age
16:44 Castle Age
15:52 Double-Bit Axe
16:12 Horse Collar
16:19 Man-at-Arms
20:57 Heavy Plow
24:03 Wheelbarrow
24:46 Gold Mining
29:38 Imperial Age
27:26 Long Swordsman
28:34 Scale Mail Armor
28:45 Forging
28:36 Padded Archer Armor
29:08 Gambesons
29:42 Chain Mail Armor
30:52 Iron Casting
31:04 Cranequins
31:52 Thumb Ring
31:30 Two-Handed Swordsman
32:51 Hand Cart
32:23 Town Watch
32:34 Onager
33:23 Champion
35:28 Leather Archer Armor
35:44 Plate Mail Armor
35:21 Scale Barding Armor
35:08 Fletching
35:26 Squires
37:27 Hoardings
37:36 Shield Wall
38:37 Conscription
38:39 Bodkin Arrow
45:01 Ring Archer Armor
47:20 Chain Barding Armor
47:00 Bracer
47:50 Heavy Mounted Crossbowman
52:23 Capped Ram
Soldier
2:37 Loom
10:23 Feudal Age
14:59 Castle Age
13:12 Horse Collar
15:53 Double-Bit Axe
17:29 Bow Saw
25:53 Imperial Age
25:03 Wheelbarrow
25:42 Ballistics
25:30 Stone Mining
25:37 Gold Mining
26:31 Hand Cart
26:38 Hand Cart
28:42 Chemistry
30:04 Town Watch
30:12 Treadmill Crane
31:57 Town Patrol
33:36 Stone Shaft Mining
33:10 Fletching
33:23 Padded Archer Armor
33:34 Forging
33:24 Scale Mail Armor
33:49 Bombard Tower
33:44 Masonry
35:26 Bodkin Arrow
37:31 Two-Man Saw
36:35 Heavy Plow
37:27 Pikeman
37:53 Arson
37:54 Gambesons
37:29 Man-at-Arms
38:04 Gambesons
37:40 Man-at-Arms
38:52 Husbandry
39:02 Bloodlines
38:18 Cavalier
38:20 Light Cavalry
39:01 Elite Skirmisher
39:49 Thumb Ring
40:50 Conscription
40:06 Elite Organ Gun
40:48 Arquebus
40:50 Circumnavigation
43:18 Long Swordsman
43:18 Halberdier
44:37 Iron Casting
44:18 Chain Mail Armor
44:04 Bracer
44:19 Leather Archer Armor
45:18 Murder Holes
45:35 Fortified Wall
45:55 Architecture
45:31 Siege Engineers
51:30 Crossbowman
51:50 Two-Handed Swordsman
52:27 Guard Tower
53:03 Sappers
Connection lost

Rejoining the realm…

Still unreachable

The connection could not be restored.

Session expired

The server has moved on; the page needs a fresh start.